 Dungeon Crawl Stone Soup version 0.20.0-15-g7f486f2 (webtiles) character file.

697 JeffiDaFish the Shield-Bearer (level 7, -5/44 HPs)
             Began as a Gargoyle Fighter on June 19, 2017.
             Was a Follower of Okawaru.
             Slain by an orc warrior
             ... wielding a +0 halberd
              (12 damage)
             ... on level 5 of the Dungeon.
             The game lasted 00:14:04 (3773 turns).

JeffiDaFish the Shield-Bearer (Gargoyle Fighter)    Turns: 3773, Time: 00:14:05

Health: -5/44      AC: 21    Str: 19    XL:     7   Next: 65%
Magic:  7/7        EV:  6    Int:  9    God:    Okawaru [*.....]
Gold:   254        SH: 11    Dex: 11    Spells: 6/6 levels left

rFire    . . .     SeeInvis .   a - +2 flail
rCold    . . .     Gourm    .   c - +1 shield
rNeg     + . .     Faith    .   p - +0 chain mail
rPois    ∞         Spirit   .   m - +0 helmet
rElec    +         Reflect  .   q - +2 cloak {MR+}
rCorr    .         Harm     .   (no gloves)
MR       +....                  e - +1 pair of boots {Fly}
Stlth    ..........             (no amulet)
Regen    0.2/turn               (no ring)
MPRegen  0.1/turn               (no ring)

@: flying, very slightly contaminated, invisible
A: negative energy resistance 1, electricity resistance, unbreathing,
petrification resistance, rot immunity, AC +4
a: Heroism, Renounce Religion, Stop Flying


You were on level 5 of the Dungeon.
You worshipped Okawaru.
Okawaru was aware of your devotion.
You were not hungry.

You visited 1 branch of the dungeon, and saw 5 of its levels.
You also visited: Sewer.

You collected 254 gold pieces.

Inventory:

Hand Weapons
 a - a +2 flail (weapon)
Armour
 c - a +1 shield (worn)
 e - a +1 pair of boots of flying (worn)
 m - a +0 helmet (worn)
 p - a +0 chain mail (worn)
 q - a +2 cloak of magic resistance (worn)
Scrolls
 h - a scroll of identify
 j - 6 scrolls of teleportation
 k - 2 scrolls of blinking
 l - a scroll of remove curse
 t - a scroll of fear
 u - a scroll of recharging
 v - a scroll of magic mapping
Potions
 b - 3 potions of haste
 d - a potion of magic
 n - a potion of curing
Comestibles
 f - 8 bread rations
 g - 4 royal jellies
 i - a fruit
 o - 2 meat rations
 s - 3 chunks of flesh


   Skills:
 + Level 4.5 Fighting
 + Level 5.2 Maces & Flails
 + Level 5.0 Armour
 + Level 1.1 Dodging
 + Level 0.5 Stealth
 + Level 5.6 Shields


You had 6 spell levels left.
You didn't know any spells.

Dungeon Overview and Level Annotations

Branches:
Dungeon (5/15)
 Temple: D:4-7

Altars:
Gozag
Okawaru
Ru
Yredelemnul
Zin

Annotations:
D:5 Dowan, Duvessa


Innate Abilities, Weirdness & Mutations

You are resistant to torment.
Your stone body is resilient. (AC +4)
You are immune to poison.
You resist negative energy. (rN+)
You are resistant to electric shocks. (rElec)
You can survive without breathing.
You are immune to petrification.
You are immune to rotting.


Message History

The orc warrior barely misses you.
You closely miss the orc warrior.
The orc warrior is lightly wounded.
You block the orc warrior's attack.
You fade into invisibility!
The orc wizard gestures at you while chanting.
The magic dart hits the orc warrior.
The orc warrior hits you with a halberd!
* * * LOW HITPOINT WARNING * * *
You are very lightly contaminated with residual magic.
You barely miss the orc warrior.
The orc warrior is moderately wounded.
The orc warrior closely misses you. Dowan casts a spell at you.
The puff of frost hits the orc wizard.
The orc wizard shouts!
You hit the orc warrior but do no damage.
The orc warrior is moderately wounded.
The orc warrior hits you with a halberd!
You die...

################
#...@ooe.((..).##
#.####eo##.###..###
#.##..o...........#
#.##.#######o####.#
#.#..# .o... #
#.#..# #..o(.##
#....# #o.o$##
#.#..# .$#..(
#.##.###.#.#.


You could see Duvessa, an orc warrior, Dowan, an orc wizard and an orc.

Vanquished Creatures
  The ghost of brahma the Chopper, an amateur MiFi (D:4)
  3 big kobolds (Sewer)
  A hound (D:4)
  Crazy Yiuf (D:3)
  Terence (D:2)
  A hound skeleton (D:4)
  Robin (D:1)
  7 adders
  5 river rats
  An ooze (Sewer)
  3 worms
  2 dart slugs
  4 leopard geckos
  4 orcs
  2 ball pythons
  9 giant cockroaches
  12 goblins
  14 hobgoblins
  4 jackals (D:1)
  3 quokkas
  3 bats
  5 frilled lizards
  20 kobolds
  15 rats
122 creatures vanquished.

Notes
Turn   | Place    | Note
-------+----------+-------------------------------------------
     0 | D:1      | JeffiDaFish the Gargoyle Fighter began the quest for the Orb.
     0 | D:1      | Reached XP level 1. HP: 14/14 MP: 1/1
   234 | D:1      | Reached XP level 2. HP: 19/19 MP: 2/2
   553 | D:1      | Reached XP level 3. HP: 23/23 MP: 3/3
   977 | D:2      | Noticed Robin
  1286 | D:1      | Killed Robin
  1286 | D:1      | Reached XP level 4. HP: 14/28 MP: 4/4
  1483 | D:2      | Noticed Terence
  1492 | D:2      | Killed Terence
  1595 | D:2      | Reached XP level 5. HP: 33/33 MP: 5/5
  1611 | D:2      | Found a basalt altar of Yredelemnul.
  1615 | D:2      | Found an iron altar of Okawaru.
  1661 | D:2      | Became a worshipper of Warmaster Okawaru
  2300 | D:3      | Found a runed door.
  2304 | D:3      | Noticed Crazy Yiuf
  2323 | D:3      | Killed Crazy Yiuf
  2863 | D:4      | Found a sacrificial altar of Ru.
  3051 | D:4      | Found a glowing silver altar of Zin.
  3051 | D:4      | Found an opulent altar of Gozag.
  3089 | D:4      | Reached XP level 6. HP: 35/38 MP: 6/6
  3134 | D:4      | Noticed brahma's ghost (amateur MiFi)
  3144 | D:4      | Killed brahma's ghost
  3144 | D:4      | Reached skill level 5 in Shields
  3229 | D:4      | Found a glowing drain.
  3243 | Sewer    | Entered a sewer
  3267 | Sewer    | Reached XP level 7. HP: 43/43 MP: 7/7
  3312 | Sewer    | Reached * piety under Okawaru
  3408 | Sewer    | Reached skill level 1 in Dodging
  3410 | Sewer    | Reached skill level 5 in Maces & Flails
  3443 | Sewer    | Reached skill level 5 in Armour
  3706 | D:5      | Entered Level 5 of the Dungeon
  3736 | D:5      | Noticed Duvessa
  3737 | D:5      | Noticed Dowan
  3773 | D:5      | Slain by an orc warrior

Skill      XL: |  1  2  3  4  5  6  7 |
---------------+----------------------+-----
Shields        | 4 5 |  5.6
Maces & Flails | 3 4 5 |  5.2
Armour         | 4 5 |  5.0
Fighting       | 4 |  4.5
Dodging        | 1 |  1.1
Stealth        | |  0.5

Action                   |  1- 3 |  4- 6 |  7- 9 || total
-------------------------+-------+-------+-------++-------
Melee: Flail             |   139 |   244 |    81 ||   464
  Use: Scroll            |     5 |     4 |     2 ||    11
       Potion            |     1 |     6 |     2 ||     9
 Stab: Invisible         |       |     2 |       ||     2
  Eat: Chunk             |     1 |     7 |     2 ||    10
Armor: Scale mail        |    80 |    55 |       ||   135
       Chain mail        |       |    56 |    40 ||    96
Dodge: Dodged            |    49 |    57 |    21 ||   127
Block: Shield            |    96 |   140 |    58 ||   294
